 Dungeon Crawl Stone Soup version 0.20.1-1-g8b1a95d (webtiles) character file.

3655 pskda the Cleaver (level 10, -11/47 HPs)
             Began as a Vine Stalker Fighter on Nov 20, 2017.
             Was a High Priest of Okawaru.
             Killed from afar by Erica (17 damage)
             ... with an orb of energy
             ... on level 8 of the Dungeon.
             The game lasted 00:33:20 (5385 turns).

pskda the Cleaver (Vine Stalker Fighter)            Turns: 5385, Time: 00:33:21

Health: -11/47     AC: 17    Str: 20    XL:     10   Next: 12%
Magic:  0/11       EV:  4    Int: 10    God:    Okawaru [*****.]
Gold:   280        SH: 15    Dex: 14    Spells: 9/9 levels left

rFire    . . .     SeeInvis .   a - +1 war axe
rCold    . . .     Gourm    .   c - +0 shield
rNeg     . . .     Faith    .   o - +1 plate armour
rPois    +         Spirit   +   s - +0 helmet
rElec    .         Reflect  +   i - +2 cloak
rCorr    .         Harm     .   v - +0 pair of gloves
MR       +....                  (no boots)
Stlth    ..........             m - +3 amulet of reflection
Regen    0.6/turn               q - ring of poison resistance
MPRegen  0.2/turn               (no ring)

@: slowed, very slow
A: fangs 3, regeneration 1, magic shield, antimagic bite, no potion heal 3, rot
immunity
a: Heroism, Finesse, Renounce Religion


You were on level 8 of the Dungeon.
You worshipped Okawaru.
Okawaru was extremely pleased with you.
You were not hungry.

You visited 1 branch of the dungeon, and saw 8 of its levels.

You collected 280 gold pieces.

Inventory:

Hand Weapons
 a - a +1 war axe (weapon)
Armour
 c - a +0 shield (worn)
 i - a +2 cloak (worn)
 o - a +1 plate armour (worn)
 s - a +0 helmet (worn)
 v - a +0 pair of gloves (worn)
Jewellery
 m - a +3 amulet of reflection (around neck)
 q - a ring of poison resistance (left hand)
 x - an uncursed ring of protection from fire {unknown}
 C - an uncursed ring of protection from magic {unknown}
 H - an uncursed ring of ice {unknown}
Wands
 p - a wand of flame (27/48)
 E - a wand of digging (16/24)
Scrolls
 e - 7 scrolls of teleportation
 l - 2 scrolls of remove curse
 w - a scroll of amnesia {unknown}
 y - a scroll of enchant weapon
 F - a scroll of enchant armour
 G - a scroll of identify
Potions
 b - 2 potions of haste
 d - 2 potions of might
 g - 2 potions of agility {unknown}
 j - 2 potions of degeneration {unknown}
 n - a potion of lignification {unknown}
 t - a potion of mutation {unknown}
 u - 3 potions of curing {unknown}
 z - a potion of magic {unknown}
 A - a potion of flight {unknown}
 B - a potion of resistance {unknown}
 D - a potion of brilliance {unknown}
Comestibles
 f - 3 bread rations
 h - 3 royal jellies
 k - 4 meat rations
 r - 8 fruits


   Skills:
 - Level 2.7 Fighting
 + Level 9.4 Axes
 - Level 3.2 Armour
 + Level 9.3 Shields


You had 9 spell levels left.
You didn't know any spells.

Dungeon Overview and Level Annotations

Branches:
Dungeon (8/15)             Temple (0/1) D:6
   Lair: D:8-11

Altars:
Ashenzari
Cheibriados
Elyvilon
Fedhas
Makhleb
Okawaru
Xom

Shops:
D:4 [   D:7 (=

Annotations:
D:8 Erica


Innate Abilities, Weirdness & Mutations

You have razor-sharp teeth.
Your natural rate of healing is unusually fast.
When hurt, damage is shared between your health and your magic reserves.
Your bite disrupts and absorbs the magic of your enemies.
Potions cannot restore your health.
You are immune to rotting.


Message History

Erica hits you with a scimitar of flaming!
Erica burns you.
You're too confused!
You bump into the rock wall.
The howler monkey hoots and howls with incredible vigour!
Erica hits you with a scimitar of flaming!
Erica burns you.
* * * LOW HITPOINT WARNING * * *
Unknown command.
The howler monkey hoots and howls with incredible vigour!
Erica casts a spell at you. The orb of energy hits you!
* * * LOW HITPOINT WARNING * * *
You're too confused!
You bump into the rock wall.
You feel less confused.
The howler monkey hoots and howls with incredible vigour!
Erica casts a spell at you. The orb of energy hits you!
You die...

#........# #.######.# #####
#.# #.# #...# #.# #.#
####...# ####.######.#
#......# #........##.#
#......# #........##[#
##......####.........#.####
........h@@................
.#.....h####.........#.####
.......## #.........#.#
.#####@ #.........#.# h.
#......≈..#.# ##h
#.........#.# #.
#.........#.# ..
####.##.#.#.#
####.##.#)#.####


You could see Erica and 2 howler monkeys.

Vanquished Creatures
  2 two-headed ogres (D:8)
  A basilisk (D:7)
  The ghost of MovingMist the Ducker, an amateur DsGl of Okawaru (D:3)
  Edmund (D:5)
  An ice beast (D:5)
  2 black bears
  2 sky beasts
  2 ogres
  A centaur (D:5)
  A necrophage (D:7)
  Blork the orc (D:6)
  A bullfrog (D:6)
  2 scorpions
  8 wights
  2 howler monkeys
  A bullfrog skeleton (D:6)
  3 hounds
  An orc priest (D:6)
  An iron imp (D:6)
  2 orc wizards
  2 worker ants
  3 gnolls (D:5)
  9 adders
  A shadow imp (D:6)
  2 oozes
  An adder skeleton (D:2)
  3 adder zombies
  5 worms
  4 leopard geckos
  8 orcs
  3 ball pythons
  5 bats
  3 giant cockroaches
  8 hobgoblins
  3 jackals (D:1)
  5 quokkas
  A frilled lizard (D:4)
  8 goblins
  5 kobolds
  A leopard gecko zombie (D:6)
  2 quokka skeletons (D:2)
  3 rats
121 creatures vanquished.

Vanquished Creatures (others)
  A centaur (D:5)
1 creature vanquished.

Grand Total: 122 creatures vanquished

Notes
Turn   | Place    | Note
-------+----------+-------------------------------------------
     0 | D:1      | pskda the Vine Stalker Fighter began the quest for the Orb.
     0 | D:1      | Reached XP level 1. HP: 11/11 MP: 2/2
   297 | D:1      | Reached XP level 2. HP: 16/16 MP: 3/3
   776 | D:2      | Reached XP level 3. HP: 16/19 MP: 4/4
  1126 | D:2      | Found a shattered altar of Ashenzari.
  1153 | D:2      | Gained mutation: Your natural rate of healing is unusually fast. [Vine Stalker growth]
  1153 | D:2      | Reached XP level 4. HP: 16/23 MP: 3/5
  1874 | D:3      | Noticed MovingMist's ghost (amateur DsGl)
  1903 | D:3      | Killed MovingMist's ghost
  1903 | D:3      | Reached XP level 5. HP: 27/27 MP: 6/6
  1903 | D:3      | Reached XP level 6. HP: 32/32 MP: 7/7
  1961 | D:3      | Found a blossoming altar of Fedhas.
  2102 | D:3      | Found a shattered altar of Ashenzari.
  2256 | D:4      | Found an iron altar of Okawaru.
  2271 | D:4      | Became a worshipper of Warmaster Okawaru
  2805 | D:4      | Found Piungitt's Armour Emporium.
  3306 | D:5      | Entered Level 5 of the Dungeon
  3451 | D:5      | Noticed Edmund
  3454 | D:5      | Reached XP level 7. HP: 29/35 MP: 8/8
  3471 | D:5      | Killed Edmund
  3471 | D:5      | Reached * piety under Okawaru
  3471 | D:5      | Reached skill level 5 in Axes
  3471 | D:5      | Reached skill level 5 in Shields
  3539 | D:5      | Found a shimmering altar of Xom.
  3850 | D:5      | Found a white marble altar of Elyvilon.
  3881 | D:5      | Found a burning altar of Makhleb.
  4206 | D:5      | Gained mutation: You have razor-sharp teeth. [Vine Stalker growth]
  4206 | D:5      | Reached XP level 8. HP: 37/39 MP: 7/9
  4368 | D:6      | Reached ** piety under Okawaru
  4419 | D:6      | Found a snail-covered altar of Cheibriados.
  4468 | D:6      | Noticed Blork the orc
  4474 | D:6      | Killed Blork the orc
  4694 | D:6      | Found a staircase to the Ecumenical Temple.
  5003 | D:7      | Found Weommyge's Weapon Emporium.
  5013 | D:7      | Reached XP level 9. HP: 43/43 MP: 10/10
  5028 | D:7      | Reached *** piety under Okawaru
  5048 | D:7      | Found Bashriat's Jewellery Emporium.
  5198 | D:8      | Noticed a two-headed ogre
  5200 | D:8      | Noticed a two-headed ogre
  5214 | D:8      | Killed a two-headed ogre
  5220 | D:8      | Killed a two-headed ogre
  5220 | D:8      | Reached **** piety under Okawaru
  5220 | D:8      | Reached XP level 10. HP: 30/47 MP: 11/11
  5342 | D:8      | Reached ***** piety under Okawaru
  5371 | D:8      | Noticed Erica
  5385 | D:8      | Killed from afar by Erica

Skill      XL: |  1  2  3  4  5  6  7  8  9 |
---------------+----------------------------+-----
Axes           | 2 3 4 5 7 9 |  9.4
Armour         | 3 |  3.2
Shields        | 3 4 5 7 9 |  9.3
Fighting       | |  2.7

Action                   |  1- 3 |  4- 6 |  7- 9 | 10-12 || total
-------------------------+-------+-------+-------+-------++-------
Melee: War axe           |    89 |   129 |   197 |    21 ||   436
       Bite              |    22 |    34 |    61 |     9 ||   126
Invok: Heroism           |       |       |     2 |       ||     2
  Use: Scroll            |       |     7 |     2 |       ||     9
       Potion            |       |     1 |       |       ||     1
  Eat: Chunk             |       |     4 |     2 |       ||     6
       Bread ration      |       |     1 |     1 |       ||     2
Armor: Scale mail        |     3 |       |       |       ||     3
       Chain mail        |    44 |    22 |       |       ||    66
       Plate armour      |       |    57 |    87 |     6 ||   150
Dodge: Dodged            |    23 |    15 |    36 |     2 ||    76
Block: Shield            |    56 |    94 |   116 |    10 ||   276
       Reflection        |       |     4 |     2 |       ||     6
